 Dungeon Crawl Stone Soup version 0.18.1-48-g4cf74bf (console) character file.

123 Kloppie the Slasher (level 4, -12/40 HPs)
             Began as a Minotaur Gladiator on July 3, 2016.
             Mangled by an ogre
             ... wielding a +0 giant club
              (25 damage)
             ... on level 4 of the Dungeon.
             The game lasted 00:03:34 (1634 turns).

Kloppie the Slasher (Minotaur Gladiator)            Turns: 1634, Time: 00:03:35

Health: -12/40     AC: 11    Str: 20    XL:     4   Next: 80%
Magic:  3/3        EV:  6    Int:  5    God:
Gold:   124        SH:  3    Dex: 11    Spells: 0 memorised, 3 levels left

rFire  . . .     SeeInvis .     a - +0 long sword
rCold  . . .     Gourm    .     i - +0 plate armour
rNeg   . . .     Faith    .     z - +0 buckler
rPois  .         Spirit   .     c - +0 hat
rElec  .         Dismiss  .     (no cloak)
rCorr  .         Reflect  .     (no gloves)
SustAt .         Harm     .     (no boots)
MR     .....                    (no amulet)
Stlth  ..........               (no ring)
                                (no ring)

@: not resistant to hostile enchantments, extremely unstealthy
A: retaliatory headbutt, horns 2
a: no special abilities


You were on level 4 of the Dungeon.
You were hungry.

You visited 1 branch of the dungeon, and saw 4 of its levels.

You collected 124 gold pieces.

Inventory:

Hand Weapons
 a - a +0 long sword (weapon)
Armour
 c - a +0 hat (worn)
 i - a +0 plate armour (worn)
 z - a +0 buckler (worn)
Jewellery
 b - an uncursed ring of resist corrosion {unknown}
 x - an uncursed amulet of guardian spirit {unknown}
Wands
 y - a wand of acid (10/15)
Scrolls
 e - a scroll of magic mapping {unknown}
 h - 3 scrolls of blinking {unknown}
 k - a scroll of enchant weapon {unknown}
 n - a scroll of remove curse {unknown}
 q - a scroll of recharging {unknown}
 s - a scroll of fear {unknown}
 u - a scroll of identify {unknown}
Potions
 g - a potion of resistance {unknown}
 l - a potion of curing {unknown}
 m - a potion of invisibility {unknown}
 o - a potion of flight {unknown}
 r - a potion of berserk rage {unknown}
 t - a potion of magic {unknown}
 v - a potion of might {unknown}
 w - 2 potions of degeneration {unknown}
Comestibles
 f - 4 bread rations
 j - a slice of pizza
 p - a meat ration


   Skills:
 + Level 3.7 Fighting
 * Level 5.4 Long Blades
 - Level 2.0 Throwing
 + Level 2.3 Armour
 - Level 3.2 Dodging
 + Level 0.0 Shields


You had 3 spell levels left.
You didn't know any spells.

Dungeon Overview and Level Annotations

Branches:
Dungeon (4/15)
 Temple: D:4-7

Altars:
Ashenzari

Annotations:
D:3 Anmu's ghost, amateur DgCj


Innate Abilities, Weirdness & Mutations

You reflexively headbutt those who attack you in melee.
You have a pair of horns on your head.


Message History

You hit the ogre. Your headbutt misses the ogre.
The ogre is heavily wounded.
You hit the ogre. Your headbutt misses the ogre.
The ogre is severely wounded.
The ogre hits you with a giant club!
* * * LOW HITPOINT WARNING * * *
Throwing (i - inventory):
d - 2 throwing nets (quivered)
Press: ? - help, Shift-Dir - straight line, f/p - ogre
Aim: an ogre, wielding a giant club (severely wounded)
You throw a throwing net.
The throwing net closely misses the ogre.
The ogre closely misses you. You furiously retaliate!
You headbutt the ogre.
Throwing (i - inventory):
d - a throwing net (quivered)
Press: ? - help, Shift-Dir - straight line, f/p - ogre
Aim: an ogre, wielding a giant club (severely wounded)
You throw a throwing net.
The throwing net closely misses the ogre.
The ogre hits you with a giant club!!
Ouch! That really hurt!
You die...

#.##.......##.......#
#.##.##.##.##..####.#
#.......##......# #.#
####.##.#####..## #.#
#.##.#####<#####.###
##)##.......##......###
#..#########..........###
#.## #####.#.##.......#
#.#
#.....#@##.....#.#####..
#.#
#)....#O##.#...#..<.....
#.#
#.......##.#............
#.#
#.....#(.....###........
#.#
#.....####.......###.#..
#.# ####### ###.##### .#
. #.# .# #.# # #.#


You could see an ogre.

Vanquished Creatures
  An orc priest (D:3)
  2 adders (D:2)
  An ooze (D:2)
  3 worms
  3 dart slugs
  6 orcs (D:3)
  A ball python (D:4)
  5 giant cockroaches
  4 goblins (D:2)
  3 hobgoblins
  6 jackals (D:3)
  5 kobolds
  5 bats
  5 giant newts
  4 rats
54 creatures vanquished.

Notes
Turn   | Place    | Note
--------------------------------------------------------------
     0 | D:1      | Kloppie the Minotaur Gladiator began the quest for the Orb.
     0 | D:1      | Reached XP level 1. HP: 18/18 MP: 0/0
   101 | D:1      | Reached XP level 2. HP: 21/25 MP: 1/1
   129 | D:1      | Reached skill level 1 in Armour
   326 | D:1      | Reached skill level 4 in Long Blades
   571 | D:2      | Reached XP level 3. HP: 30/30 MP: 2/2
   947 | D:2      | Reached skill level 5 in Long Blades
  1117 | D:3      | Reached XP level 4. HP: 38/38 MP: 3/3
  1166 | D:3      | Found a shattered altar of Ashenzari.
  1526 | D:3      | Noticed Anmu's ghost (amateur DgCj)
  1611 | D:4      | Noticed an ogre
  1634 | D:4      | Mangled by an ogre

Skill      XL: |  1  2  3  4 |
---------------+-------------+-----
Armour         | 1 2 |  2.3
Long Blades    | 4 5 |  5.4
Fighting       | 3 |  3.7
Throwing       | |  2.0
Dodging        | |  3.2

Action                   |  1- 3 |  4- 6 || total
-------------------------+-------+-------++-------
Melee: Long sword        |    96 |    51 ||   147
       Headbutt          |    17 |     6 ||    23
Throw: Throwing net      |     1 |     3 ||     4
 Stab: Held in net/web   |     1 |       ||     1
  Eat: Chunk             |     1 |     1 ||     2
Armor: Leather armour    |     9 |       ||     9
       Plate armour      |    64 |    32 ||    96
Dodge: Dodged            |    46 |    13 ||    59
